 Dungeon Crawl Stone Soup version 0.19.0-2-gae57169 (webtiles) character file.

29 Pepeogr the Ruffian (level 3, 0/31 HPs)
             Began as a Ghoul Monk on Nov 6, 2016.
             Hit by a goblin thrown by Robin (3 damage)
             ... on level 2 of the Dungeon.
             The game lasted 00:05:55 (866 turns).

Pepeogr the Ruffian (Ghoul Monk)                     Turns: 866, Time: 00:05:55

Health: 0/31       AC:  2    Str: 13 (15) XL:     3   Next: 16%
Magic:  2/2        EV: 12    Int:  5      God:
Gold:   54         SH:  0    Dex: 10 (11) Spells: 0 memorised, 2 levels left

rFire  . . .     SeeInvis .       - Unarmed
rCold  + + .     Gourm    .     a - +0 robe
rNeg   + + +     Faith    .     (no shield)
rPois  ∞         Spirit   .     (no helmet)
rElec  .         Reflect  .     (no cloak)
rCorr  .         Harm     .     (no gloves)
MR     .....                    (no boots)
Stlth  ++........               (no amulet)
                                (no ring)
                                e - ring of protection from cold

@: rotting
A: rotting body, claws 1, carnivore 3, cold resistance 1, negative energy
resistance 3, slow regeneration 1, torment resistance, unbreathing
a: no special abilities


You were on level 2 of the Dungeon.
You were not hungry.

You visited 1 branch of the dungeon, and saw 2 of its levels.

You collected 54 gold pieces.

Inventory:

Armour
 a - a +0 robe (worn)
Jewellery
 e - a ring of protection from cold (left claw)
 g - an uncursed ring of positive energy
Potions
 f - a potion of curing
Comestibles
 b - a meat ration
 d - a royal jelly


   Skills:
 + Level 3.4 Fighting
 - Level 0.1 Armour
 - Level 2.6 Dodging
 * Level 2.5 Stealth
 * Level 4.2 Unarmed Combat


You had 2 spell levels left.
You didn't know any spells.

Dungeon Overview and Level Annotations

Branches:
Dungeon (2/15)

Altars:

Annotations:
D:2 Robin


Innate Abilities, Weirdness & Mutations

Your body is rotting away.
You thrive on raw meat.
You are immune to poison.
You have sharp fingernails.
You are carnivorous and can eat meat at any time.
Your flesh is cold resistant. (rC+)
You are immune to negative energy. (rN+++)
You regenerate slowly when monsters are visible.
You are immune to unholy pain and torment.
You can survive without breathing.


Message History

You hear a loud clanging noise!
It was a scroll of noise.
You hear a bark!
You hear a shout!
You hear an angry hiss.
Robin roars a battlecry!
The goblins go into a battle-frenzy!
The goblin closely misses you. The adder barely misses you.
The rat twitches its whiskers.
The rat bites you. The hobgoblin hits you with a club.
The goblin completely misses you. The goblin barely misses you.
You barely miss the adder. Robin throws the goblin at you!
The goblin hits you with a club!
The goblin unwields an uncursed hunting sling.
The goblin misses you. The adder bites you. The rat closely misses you.
The hobgoblin hits you with a club.
* * * LOW HITPOINT WARNING * * *
The goblin hits you but does no damage.
You scratch the adder but do no damage. The goblin hits you with a club.
* * * LOW HITPOINT WARNING * * *
Robin throws the goblin at you!
You die...

## .#
##########.##
......#.....##
.............##
............(.#
.....g.gg.....##
.......ggg%....#
.....ggg@S.....#
%.....ggrg......
....?.........#.
.............#..
#...........## .
####......###
###..#.. ... .#


You could see Robin, an adder, 3 hobgoblins, 8 goblins and a rat.

Vanquished Creatures
  A dart slug (D:1)
  A bat (D:1)
  A giant cockroach (D:1)
  A goblin (D:1)
  7 hobgoblins (D:1)
  6 jackals (D:1)
  A kobold (D:1)
  A frilled lizard (D:1)
  3 rats (D:1)
22 creatures vanquished.

Notes
Turn   | Place    | Note
-------+----------+-------------------------------------------
     0 | D:1      | Pepeogr the Ghoul Monk began the quest for the Orb.
     0 | D:1      | Reached XP level 1. HP: 19/19 MP: 0/0
   125 | D:1      | Reached XP level 2. HP: 14/25 MP: 1/1
   263 | D:1      | Reached skill level 4 in Unarmed Combat
   494 | D:1      | Reached XP level 3. HP: 25/31 MP: 2/2
   860 | D:2      | Noticed Robin
   866 | D:2      | Hit by a goblin thrown by Robin

Skill      XL: |  1  2 |
---------------+-------+-----
Unarmed Combat | 4 |  4.2
Fighting       | |  3.4
Armour         | |  0.1
Dodging        | |  2.6
Stealth        | |  2.5

Action                   || total
-------------------------++-------
Melee: Unarmed           ||    83
  Use: Scroll            ||     4
       Potion            ||     4
 Stab: Sleeping          ||     2
  Eat: Chunk             ||     4
Armor: Robe              ||    19
Dodge: Dodged            ||    53
